Cogmind - Beta 12 @@@ ROGUE MODE // 2023.05.13 @ 01:34:21 Player: kawyua Result: Self-destructed Performance ------------- Evolutions (6) 3000 Regions Visited (18) 3600 Robots Destroyed (78) 390 Value Destroyed (2475) 2475 Prototype IDs (33) 660 Alien Tech Used (0) 0 Bonus (1358) 1358 TOTAL SCORE: 11483 Bonus ------- Follower Combat Kills 105 Met Data Miner 300 Met Warlord at Base 500 MAIN.C Attacked Warlord 500 Friendly Fire -47 Cogmind --------- Core Integrity 1005/1150 Matter 106/300 Energy 157/157 System Corruption 3% Temperature Cool (0) Movement Flying (99) Ox1 Location -4/Factory Parts ------- > --- POWER (2) -------- Fusion-Angular Core > --- PROPULSION (5) --- Flying FPA-NPA Exoskeleton Field Propulsion Array Cooled Impulse Thruster Cooled Impulse Thruster > --- UTILITY (10) ----- Improved Trap Scanner Spectral Analyzer Advanced Sensor Array Advanced Signal Interpreter Advanced Terrain Scan Processor Experimental Cloaking Device Advanced Hacking Suite System Mapper > --- WEAPON (2) ------- Directed Plasma Construct/C > --- INVENTORY (5) ---- Stasis Canceller Graphene Brace Shock Maul Peak State ------------ > --- POWER ------------ Fusion-Angular Core > --- PROPULSION ------- Flying FPA-NPA Exoskeleton Field Propulsion Array Cooled Impulse Thruster Cooled Impulse Thruster > --- UTILITY ---------- Armored Scrap Engine Advanced Weight Redist. System Improved Trap Scanner Spectral Analyzer Advanced Sensor Array Advanced Signal Interpreter Advanced Terrain Scan Processor Experimental Cloaking Device System Mapper > --- WEAPON ----------- Directed Plasma Construct/C Shock Maul > --- INVENTORY -------- Stasis Canceller ECM Suite Advanced Hacking Suite [Rating: 135] Favorites ----------- Power Constructs Engine Heavy Ion Engine Power Core Constructs Reactor Vortex Chain Reactor Propulsion Improved VTOL Module Treads Light Treads Leg Aluminum Leg Wheel Armored Wheel Hover Unit Airjet Flight Unit Improved VTOL Module Utility Improved Terrain Scanner Device Improved Terrain Scanner Storage Large Storage Unit Processor Advanced Signal Interpreter Hackware System Mapper Protection Medium Armor Plating Weapon Constructs Energy Gun Medium Laser Energy Cannon Constructs Ballistic Gun Light Assault Rifle Ballistic Cannon Assault Cannon Impact Weapon Shock Maul Build | -11 -10 -9 -9 -8 -8 -8 -6 -6 -6 -5 -5 -5 -5 -5 -4 -4 -4 -4 ------- Run | Jun Mat Mat Min Mat Sto Rec Fac Low Dat Pro Fac Upp Upp War Pro Fac Was Fac Slots Evolved 12 | . . 2 . 2 . . 4 . . . 2 . . . . 2 . . Power 1 | . . . . . . . . . . . . . . . . 1 . . Propulsion 3 | . . . . 1 . . 2 . . . . . . . . . . . Utility 8 | . . 2 . 1 . . 2 . . . 2 . . . . 1 . . Weapon . | . . . . . . . . . . . . . . . . . . . Parts Attached 120 | 7 1 12 5 22 7 14 16 1 . . 11 . . 13 . 3 1 7 Power 7 | 1 . 2 . 1 1 1 . . . . . . . . . 1 . . Engine 5 | 1 . 2 . 1 1 . . . . . . . . . . . . . Core 1 | . . . . . . 1 . . . . . . . . . . . . Reactor 1 | . . . . . . . . . . . . . . . . 1 . . Propulsion 36 | 2 . 4 . 6 3 8 6 . . . . . . 2 . 1 . 4 Treads 11 | 2 . 1 . 3 2 3 . . . . . . . . . . . . Leg 1 | . . . . 1 . . . . . . . . . . . . . . Wheel 5 | . . 3 . 1 1 . . . . . . . . . . . . . Hover 1 | . . . . 1 . . . . . . . . . . . . . . Flight 18 | . . . . . . 5 6 . . . . . . 2 . 1 . 4 Utility 59 | 2 1 3 3 11 2 5 8 1 . . 11 . . 8 . 1 . 3 Device 38 | 1 . 1 2 6 1 4 5 1 . . 9 . . 5 . 1 . 2 Storage 5 | 1 1 . . 2 . . . . . . . . . 1 . . . . Processor 9 | . . . . 2 . 1 3 . . . 2 . . 1 . . . . Hackware 2 | . . . . . . . . . . . . . . 1 . . . 1 Protection 5 | . . 2 1 1 1 . . . . . . . . . . . . . Artifact . | . . . . . . . . . . . . . . . . . . . Weapon 18 | 2 . 3 2 4 1 . 2 . . . . . . 3 . . 1 . Energy Gun 3 | 1 . 1 . 1 . . . . . . . . . . . . . . Energy Cannon 2 | . . . . 1 . . . . . . . . . 1 . . . . Ballistic Gun 4 | 1 . 2 1 . . . . . . . . . . . . . . . Ballistic Cannon 3 | . . . 1 2 . . . . . . . . . . . . . . Launcher . | . . . . . . . . . . . . . . . . . . . Special Weapon . | . . . . . . . . . . . . . . . . . . . Impact Weapon 6 | . . . . . 1 . 2 . . . . . . 2 . . 1 . Slashing Weapon . | . . . . . . . . . . . . . . . . . . . Piercing Weapon . | . . . . . . . . . . . . . . . . . . . Special Melee Weapon . | . . . . . . . . . . . . . . . . . . . Unidentified Prototypes 12 | . . 2 . . . 1 1 . . . . . . 7 . 1 . . Parts Lost 21 | . 1 2 1 10 1 . 1 . . . . . . 2 . . 1 2 Power 1 | . . . . 1 . . . . . . . . . . . . . . Propulsion 6 | . . 2 . 3 . . . . . . . . . 1 . . . . Utility 12 | . 1 . 1 4 1 . 1 . . . . . . 1 . . 1 2 Weapon 2 | . . . . 2 . . . . . . . . . . . . . . Highest Loss Streak 8 | . 1 1 1 8 1 . 1 . . . . . . 2 . . 1 2 To Critical Strikes . | . . . . . . . . . . . . . . . . . . . Average Slot Usage (%) 92 | . 95 91 98 90 99 93 91 91 93 93 93 94 93 92 94 83 81 78 Engine 5 | . 14 11 11 8 9 7 . . . . . . . . . . . . Core 2 | . . . . . . 1 5 6 6 6 4 5 5 5 5 2 3 5 Treads 5 | . 28 11 . 4 18 11 . . . . . . . . . . . . Wheel 6 | . . 8 22 11 9 5 . . . . . . . . . . . . Flight 11 | . . . . . . 7 32 33 33 33 28 29 27 24 29 24 21 20 Device 19 | . 9 11 21 20 16 13 25 20 20 20 22 23 23 22 23 23 23 20 Storage 5 | . 14 11 11 9 9 6 . . . . . . . . . . . . Processor 11 | . . . . 11 18 15 13 20 20 20 22 23 23 21 17 15 15 15 Protection 3 | . . 18 10 1 1 6 . . . . . . . . . . . . Energy Gun 2 | . 14 11 3 1 . . . . . . . . . . . . . . Energy Cannon 2 | . . . . 4 8 . 2 5 6 6 4 . . . . . . 4 Ballistic Gun 2 | . 14 7 8 1 . . . . . . . . . . . . . . Ballistic Cannon 5 | . . . 10 10 9 7 2 . . . . 4 5 5 5 5 5 . Impact Weapon 3 | . . . . . . 9 6 6 6 6 5 5 5 5 5 5 5 2 Naked Turns . | . . . . . . . . . . . . . . . . . . . Heaviest Build 108 | 12 27 47 53 105 108 104 23 24 24 24 28 24 24 24 24 23 31 45 Greatest Support 46 | 40 40 40 24 28 16 20 33 27 27 27 36 30 30 39 39 39 41 46 Greatest Overweight (x) 8 | . . 3 2 8 8 6 . . . . 1 . 1 1 . 1 . 1 Average Overweight (x) . | . . 1 1 5 6 2 . . . . . . . . . . . . Largest Inventory Capacity 25 | 8 15 15 15 25 25 25 5 5 5 5 5 5 5 5 5 5 5 5 Average Capacity 13 | 7 14 15 15 21 25 19 5 5 5 5 5 5 5 5 5 5 5 5 Most Carried 25 | 5 10 15 15 25 25 25 5 5 5 5 5 5 5 5 4 5 5 5 Average Carried 11 | 1 6 14 14 18 24 19 4 5 5 4 4 5 5 4 4 2 5 3 Final Capacity 25 | 8 15 15 15 25 25 5 5 5 5 5 5 5 5 5 5 5 5 5 Final Carried 25 | 2 10 15 14 25 25 5 5 5 5 5 5 5 5 4 4 5 5 3 Scrap Engine Consumption 130 | . . . . . . 32 40 1 . 1 22 3 2 11 . 9 . 9 Constructs Created 12 | . . . . . . 2 2 1 . . 2 . 2 1 . 1 . 1 Constructs Modified 34 | . . . . . . 5 8 . . . 5 3 . 2 . 2 2 7 Class Distribution -------------------- 40% | Mutant 16% | Scavenger-Mutant 14% | Ninja 8% | Scout 7% | Hacker-Ninja Dominant Class ---------------- Mutant | -10/Materials Mutant | -9/Materials Mutant | -9/Mines Mutant | -8/Materials Scavenger-Mutant | -8/Storage Scavenger-Mutant | -8/Recycling Ninja | -6/Factory Ninja | -6/Lower Caves Ninja | -6/Data Miner Ninja | -5/Proximity Caves Ninja | -5/Factory Scout | -5/Upper Caves Scout | -5/Upper Caves Scout | -5/Warlord Hacker-Ninja | -4/Proximity Caves Hacker-Ninja | -4/Factory Hacker-Ninja | -4/Waste Hacker-Ninja | -4/Factory Resources | -11 -10 -9 -9 -8 -8 -8 -6 -6 -6 -5 -5 -5 -5 -5 -4 -4 -4 -4 ----------- Run | Jun Mat Mat Min Mat Sto Rec Fac Low Dat Pro Fac Upp Upp War Pro Fac Was Fac Matter Collected 2519 | 152 297 228 182 797 150 217 76 110 . 56 52 60 . 142 . . . . Remotely . | . . . . . . . . . . . . . . . . . . . Salvage Created 2811 | 46 226 700 205 772 590 62 62 . . . 52 . . . . . . 96 Parts 162 | 6 14 40 9 51 35 1 . . . . 4 . . . . . . 2 Haulers Intercepted 2 | . . 1 . 1 . . . . . . . . . . . . . . Recyclers Shooed 6 | 1 . 2 . 2 . 1 . . . . . . . . . . . . Parts Field Recycled . | . . . . . . . . . . . . . . . . . . . Retrieved Matter . | . . . . . . . . . . . . . . . . . . . Parts Self-Destructed 9 | . . . . . . . . . . 4 . 3 2 . . . . . Prevented 2 | . . . . . . . . . . 1 . . 1 . . . . . Kills | -11 -10 -9 -9 -8 -8 -8 -6 -6 -6 -5 -5 -5 -5 -5 -4 -4 -4 -4 ------- Run | Jun Mat Mat Min Mat Sto Rec Fac Low Dat Pro Fac Upp Upp War Pro Fac Was Fac Combat Hostiles Destroyed 58 | . 7 13 9 17 10 . . . . . . . . . . . . 2 Guns 25 | . 7 13 2 3 . . . . . . . . . . . . . . Cannons 31 | . . . 6 14 9 . . . . . . . . . . . . 2 AOE 1 | . . . 1 . . . . . . . . . . . . . . . Classes Destroyed 14 | 1 3 4 . 5 . . . . . . . . . . . . . 1 Worker 2 | . 1 . . 1 . . . . . . . . . . . . . . Builder 1 | . . . . 1 . . . . . . . . . . . . . . Tunneler 2 | 2 . . . . . . . . . . . . . . . . . . Hauler 2 | . . 1 . 1 . . . . . . . . . . . . . . Recycler 5 | . . 2 . 2 1 . . . . . . . . . . . . . Operator 2 | . . . . 1 . . . . . . 1 . . . . . . . Watcher 6 | . . . . 2 1 . 2 . . . 1 . . . . . . . Swarmer 11 | . 3 2 4 2 . . . . . . . . . . . . . . Cutter 2 | . . . . 2 . . . . . . . . . . . . . . Grunt 28 | . 4 8 5 8 3 . . . . . . . . . . . . . Duelist 1 | . . 1 . . . . . . . . . . . . . . . . Sentry 13 | . . 2 . 4 7 . . . . . . . . . . . . . Programmer 2 | . . . . . . . . . . . . . . . . . . 2 Heavy 1 | . . . . 1 . . . . . . . . . . . . . . Best Kill Streak 5 | 1 2 4 4 5 2 . 1 . . . 2 . . . . . . 2 Combat Bots Only 4 | . 2 3 4 4 2 . . . . . . . . . . . . 2 Max Kills in Single Turn 2 | 1 1 1 2 2 1 . 1 . . . 1 . . . . . . 1 Gunslinging . | . . . . . . . . . . . . . . . . . . . Exploded 1 | . . . 1 . . . . . . . . . . . . . . . Melee . | . . . . . . . . . . . . . . . . . . . Uniques/NPCs Destroyed . | . . . . . . . . . . . . . . . . . . . Combat | -11 -10 -9 -9 -8 -8 -8 -6 -6 -6 -5 -5 -5 -5 -5 -4 -4 -4 -4 -------- Run | Jun Mat Mat Min Mat Sto Rec Fac Low Dat Pro Fac Upp Upp War Pro Fac Was Fac Damage Taken 4187 | . 479 635 233 1352 424 . 291 100 . 54 38 97 . 41 . 107 33 303 Core 848 | . 144 159 26 158 64 . 73 25 . 35 . 19 . . . 43 . 102 Absorbed by Shields 490 | . . . . 370 100 . 20 . . . . . . . . . . . Regen/Repaired (Parts) 354 | . . . . . . . 71 . . . 73 79 . 35 . . 33 63 Core Remaining (%) 72 | 100 42 . 53 . . 59 . . . 84 . . . . 98 . . . Volleys Fired 304 | 10 28 52 15 105 24 9 5 6 . . 1 . . 6 . 1 22 20 Largest 2 | 2 2 2 2 2 2 1 1 1 . . 1 . . 1 . 1 1 1 Hottest 112 | 70 70 76 104 112 112 44 36 71 . . 71 . . 71 . 71 71 71 Shots Fired 505 | 20 56 103 30 178 48 9 5 6 . . 1 . . 6 . 1 22 20 Gun 236 | 20 56 103 15 42 . . . . . . . . . . . . . . Cannon 269 | . . . 15 136 48 9 5 6 . . 1 . . 6 . 1 22 20 Launcher . | . . . . . . . . . . . . . . . . . . . Special . | . . . . . . . . . . . . . . . . . . . Kinetic 321 | 10 28 51 16 142 24 9 5 6 . . 1 . . 6 . 1 22 . Thermal 183 | 10 28 52 14 36 24 . . . . . . . . . . . . 19 Explosive . | . . . . . . . . . . . . . . . . . . . Electromagnetic . | . . . . . . . . . . . . . . . . . . . Entropic 1 | . . . . . . . . . . . . . . . . . . 1 Robot Hit Streak 15 | 5 10 10 9 15 8 1 1 . . . . . . 3 . . 5 3 Robot Miss Streak 6 | 2 4 3 2 6 2 2 1 . . . . . . 3 . . 2 1 Penetration Max 1 | . . . . 1 . . . . . . . . . . . . . . Secondary Targets 1 | . . 1 . . . . . . . . . . . . . . . . Max Gunslinging Chain 1 | . . 1 . . . . . . . . . . . . . . . . Shots Hit Robots 305 | 12 34 73 20 101 31 3 3 . . . 2 . . 3 . . 15 8 Core Hits 127 | 4 16 32 10 39 17 1 1 . . . 1 . . 1 . . 3 2 Critical Kills 3 | . . 1 . . 1 1 . . . . . . . . . . . . Critical Parts Destroyed 3 | . . . . . . . . . . . . . . . . . 1 2 Critical Strikes 19 | . 1 1 2 9 1 1 . . . . . . . . . . 2 2 Burn 3 | . 1 . 1 1 . . . . . . . . . . . . . . Meltdown 1 | . . . . . 1 . . . . . . . . . . . . . Destroy 3 | . . 1 . . . . . . . . . . . . . . 2 . Blast 9 | . . . 1 8 . . . . . . . . . . . . . . Smash 3 | . . . . . . 1 . . . . . . . . . . . 2 Melee Attacks 82 | . . . . . 3 10 33 . . . 22 . . 1 . 2 . 11 Impact 82 | . . . . . 3 10 33 . . . 22 . . 1 . 2 . 11 Slashing . | . . . . . . . . . . . . . . . . . . . Piercing . | . . . . . . . . . . . . . . . . . . . Sneak Attacks 1 | . . . . . . . . . . . 1 . . . . . . . Combat Hostiles . | . . . . . . . . . . . . . . . . . . . Follow-up Attacks . | . . . . . . . . . . . . . . . . . . . Damage Inflicted 6675 | 122 409 829 564 2390 705 107 187 . . . 202 . . 120 . . 553 487 Guns 1710 | 122 340 829 170 249 . . . . . . . . . . . . . . Cannons 4064 | . . . 320 2141 705 42 26 . . . . . . 120 . . 553 157 Explosions 143 | . 69 . 74 . . . . . . . . . . . . . . . Melee 758 | . . . . . . 65 161 . . . 202 . . . . . . 330 Ramming . | . . . . . . . . . . . . . . . . . . . Kinetic 3798 | 46 118 295 320 1942 336 42 26 . . . . . . 120 . . 553 . Thermal 2119 | 76 291 534 244 448 369 . . . . . . . . . . . . 157 Explosive . | . . . . . . . . . . . . . . . . . . . Electromagnetic . | . . . . . . . . . . . . . . . . . . . Impact 758 | . . . . . . 65 161 . . . 202 . . . . . . 330 Slashing . | . . . . . . . . . . . . . . . . . . . Piercing . | . . . . . . . . . . . . . . . . . . . Highest Corruption 3 | . . . . . . . 2 2 2 2 . . . . . . . 3 Average Corruption 2 | . . . . . . . 1 2 2 2 . . . . . . . 2 Corruption Purged . | . . . . . . . . . . . . . . . . . . . Corruption Blocked . | . . . . . . . . . . . . . . . . . . . Effects 15 | . . . . . . . 5 5 1 1 . . . . . . . 3 Message Errors 3 | . . . . . . . 1 . 1 . . . . . . . . 1 Matter Fused 6 | . . . . . . . 2 3 . . . . . . . . . 1 Heat Flow Errors 2 | . . . . . . . . 2 . . . . . . . . . . Energy Discharges 1 | . . . . . . . 1 . . . . . . . . . . . Parts Fused 1 | . . . . . . . . . . 1 . . . . . . . . Data Loss (minor) 1 | . . . . . . . 1 . . . . . . . . . . . Data Loss (major) 1 | . . . . . . . . . . . . . . . . . . 1 Overload Shots . | . . . . . . . . . . . . . . . . . . . Overflow Damage 529 | . 6 . 15 16 18 . 104 . . . 131 . . 11 . . . 228 Projectiles 63 | . . . . 16 18 . . . . . . . . 11 . . . 18 Explosions 21 | . 6 . 15 . . . . . . . . . . . . . . . Melee 445 | . . . . . . . 104 . . . 131 . . . . . . 210 Knockbacks 22 | . . . 2 13 1 1 3 . . . . . . 2 . . . . Impact 2 | . . . . . . . 2 . . . . . . . . . . . Kinetic 20 | . . . 2 13 1 1 1 . . . . . . 2 . . . . Secondary . | . . . . . . . . . . . . . . . . . . . Self-Inflicted Damage 75 | . 49 . 26 . . . . . . . . . . . . . . . Shots 2 | . 1 . 1 . . . . . . . . . . . . . . . Rammed . | . . . . . . . . . . . . . . . . . . . Targets Rammed . | . . . . . . . . . . . . . . . . . . . Kicked . | . . . . . . . . . . . . . . . . . . . Crushed . | . . . . . . . . . . . . . . . . . . . Highest Temperature 393 | 60 182 232 393 273 274 . 5 286 . 2 35 . . 30 . 12 72 60 Average Temperature 90 | 26 55 84 139 107 70 . 2 145 . 2 18 . . 11 . 11 38 21 Received Heat Transfer 1279 | . 138 222 84 476 284 . 24 42 . . . . . . . 9 . . Effects 5 | . . . 2 3 . . . . . . . . . . . . . . Energy Bleed 2 | . . . 1 1 . . . . . . . . . . . . . . Interference 2 | . . . . 2 . . . . . . . . . . . . . . Matter Decay 1 | . . . 1 . . . . . . . . . . . . . . . Siege Activations . | . . . . . . . . . . . . . . . . . . . Robots Corrupted . | . . . . . . . . . . . . . . . . . . . Combat Hostiles . | . . . . . . . . . . . . . . . . . . . Parts Fried 4 | . . . . . . . 3 . . . 1 . . . . . . . Impact Corruptions 14 | . . . . . . . 4 . . . 4 . . . . . . 6 Robots Melted 1 | . . . . . 1 . . . . . . . . . . . . . Combat Hostiles 1 | . . . . . 1 . . . . . . . . . . . . . Parts Melted 9 | . 2 2 2 1 2 . . . . . . . . . . . . . Heat Transferred 4790 | 222 840 1443 544 925 666 . . . . . . . . . . . . 150 Parts Sabotaged . | . . . . . . . . . . . . . . . . . . . Parts Stolen . | . . . . . . . . . . . . . . . . . . . Parts Stripped . | . . . . . . . . . . . . . . . . . . . Power Chain Reactions . | . . . . . . . . . . . . . . . . . . . Missiles Intercepted . | . . . . . . . . . . . . . . . . . . . Alert | -11 -10 -9 -9 -8 -8 -8 -6 -6 -6 -5 -5 -5 -5 -5 -4 -4 -4 -4 ------- Run | Jun Mat Mat Min Mat Sto Rec Fac Low Dat Pro Fac Upp Upp War Pro Fac Was Fac Peak Influence 329 | 10 243 329 200 213 312 103 228 . . . 192 . . . . 140 75 208 Initial 102 | . 6 102 58 . 37 91 30 . . . 69 . . . . . 49 52 Average 71 | 4 74 133 55 67 150 18 107 . . . 61 . . . . 32 59 75 Maximum Alert Level 1 | . 1 1 1 1 1 . 1 . . . . . . . . . . 1 Low Security (%) 94 | 100 89 87 96 98 71 100 94 . . . 100 . . . . 100 100 97 Level 1 5 | . 10 12 3 1 28 . 5 . . . . . . . . . . 2 Level 2 . | . . . . . . . . . . . . . . . . . . . Level 3 . | . . . . . . . . . . . . . . . . . . . Level 4 . | . . . . . . . . . . . . . . . . . . . Level 5 . | . . . . . . . . . . . . . . . . . . . High Security . | . . . . . . . . . . . . . . . . . . . Max Security . | . . . . . . . . . . . . . . . . . . . Squads Dispatched 18 | . . 1 1 4 2 . 4 . . . 5 . . . . . . 1 Investigation 5 | . . . 1 . 1 . 1 . . . 2 . . . . . . . Extermination 5 | . . . . . . . 3 . . . 1 . . . . . . 1 Reinforcement 8 | . . 1 . 4 1 . . . . . 2 . . . . . . . Assault . | . . . . . . . . . . . . . . . . . . . Garrison . | . . . . . . . . . . . . . . . . . . . Intercept . | . . . . . . . . . . . . . . . . . . . Searches Triggered . | . . . . . . . . . . . . . . . . . . . Construction Impeded . | . . . . . . . . . . . . . . . . . . . Haulers Reinforced . | . . . . . . . . . . . . . . . . . . . Active Scanning Responses . | . . . . . . . . . . . . . . . . . . . Cargo Convoy Interrupts . | . . . . . . . . . . . . . . . . . . . Stealth | -11 -10 -9 -9 -8 -8 -8 -6 -6 -6 -5 -5 -5 -5 -5 -4 -4 -4 -4 --------- Run | Jun Mat Mat Min Mat Sto Rec Fac Low Dat Pro Fac Upp Upp War Pro Fac Was Fac Distress Signals 9 | . 2 2 . 1 3 . . . . . . . . 1 . . . . Communications Jammed . | . . . . . . . . . . . . . . . . . . . Distress Signals . | . . . . . . . . . . . . . . . . . . . Times Spotted 234 | . 14 34 10 34 15 1 32 11 . 9 18 2 . 30 . 12 4 8 Peak Tracking Total 18 | . 5 10 4 5 5 . 13 10 . 4 6 2 . 18 . 7 5 3 Tactical Retreats 24 | . 1 3 1 . 1 . 9 3 . 3 2 . . . . 1 . . Traps | -11 -10 -9 -9 -8 -8 -8 -6 -6 -6 -5 -5 -5 -5 -5 -4 -4 -4 -4 ------- Run | Jun Mat Mat Min Mat Sto Rec Fac Low Dat Pro Fac Upp Upp War Pro Fac Was Fac Traps Triggered 5 | . . . . 1 . . 2 . . . 1 . . . . 1 . . Indirectly . | . . . . . . . . . . . . . . . . . . . Trap Hack Attempts . | . . . . . . . . . . . . . . . . . . . Triggered . | . . . . . . . . . . . . . . . . . . . Disarmed . | . . . . . . . . . . . . . . . . . . . Reprogrammed . | . . . . . . . . . . . . . . . . . . . Reused . | . . . . . . . . . . . . . . . . . . . Traps Extracted . | . . . . . . . . . . . . . . . . . . . Installed . | . . . . . . . . . . . . . . . . . . . Triggered 11 | . . . . . . . . . . 1 . . . 10 . . . . Machines | -11 -10 -9 -9 -8 -8 -8 -6 -6 -6 -5 -5 -5 -5 -5 -4 -4 -4 -4 ---------- Run | Jun Mat Mat Min Mat Sto Rec Fac Low Dat Pro Fac Upp Upp War Pro Fac Was Fac Machines Disabled 9 | . 2 . 1 2 . 2 1 . . . . . . . . 1 . . Max in Single Turn 2 | . 2 . 1 1 . 1 1 . . . . . . . . 1 . . Garrison Access 1 | . . . . . . . 1 . . . . . . . . . . . Machines Repaired . | . . . . . . . . . . . . . . . . . . . Machines Sabotaged . | . . . . . . . . . . . . . . . . . . . Overloaded Fab Kills . | . . . . . . . . . . . . . . . . . . . Hacking | -11 -10 -9 -9 -8 -8 -8 -6 -6 -6 -5 -5 -5 -5 -5 -4 -4 -4 -4 --------- Run | Jun Mat Mat Min Mat Sto Rec Fac Low Dat Pro Fac Upp Upp War Pro Fac Was Fac Machines Accessed 77 | . 5 4 1 5 1 10 14 1 4 . 13 3 3 5 . 4 . 4 Terminals 40 | . 4 4 . 3 1 6 7 1 . . 7 . 1 . . 4 . 2 Fabricators 5 | . . . . . . . 1 . . . 3 . . . . . . 1 Repair Stations 3 | . . . . . . . . . . . 2 . . . . . . 1 Recycling Units 9 | . 1 . . 1 . 4 3 . . . . . . . . . . . Scanalyzers 1 | . . . . 1 . . . . . . . . . . . . . . Garrison Access 4 | . . . . . . . 3 . . . 1 . . . . . . . Total Hacks 195 | . 11 13 1 8 4 31 27 1 30 . 27 5 5 12 . 10 . 10 Successful 130 | . 8 7 1 5 2 19 7 1 30 . 15 5 5 12 . 6 . 7 Failed 65 | . 3 6 . 3 2 12 20 . . . 12 . . . . 4 . 3 Catastrophic 12 | . . 1 . 1 1 2 5 . . . 2 . . . . . . . Database Lockouts . | . . . . . . . . . . . . . . . . . . . Manual 55 | . 7 7 . 6 4 13 7 . . . 4 . . 1 . 2 . 4 Terminals 97 | . 10 13 . 4 4 21 14 1 . . 13 . 1 . . 10 . 6 Fabricators 11 | . . . . . . . 3 . . . 7 . . . . . . 1 Repair Stations 7 | . . . . . . . . . . . 4 . . . . . . 3 Recycling Units 18 | . 1 . . 2 . 10 5 . . . . . . . . . . . Scanalyzers 2 | . . . . 2 . . . . . . . . . . . . . . Garrison Access 8 | . . . . . . . 5 . . . 3 . . . . . . . Terminal Hacks 84 | . 2 4 1 1 1 11 . 1 30 . 3 5 5 12 . 6 . 2 Record 30 | . . . . . . . . 1 11 . 1 3 4 10 . . . . Part Schematic 12 | . . . . . . . . . 12 . . . . . . . . . Robot Schematic 4 | . . . . . . . . . 4 . . . . . . . . . Prototype ID Bank 7 | . 1 . . . . 2 . . 3 . . . . . . 1 . . Open Door 6 | . . . 1 . . . . . . . . 2 1 2 . . . . Level Access Points 1 | . . . . . . . . . . . . . . . . 1 . . Branch Access Points 1 | . . . . . . . . . . . . . . . . . . 1 Machine Index 1 | . . . . . . . . . . . . . . . . 1 . . Terminal Index 5 | . . 1 . 1 . 1 . . . . . . . . . 1 . 1 Alert Level 1 | . . 1 . . . . . . . . . . . . . . . . Unreport Threat 2 | . . 1 . . . 1 . . . . . . . . . . . . Locate Traps 3 | . . . . . . . . . . . 2 . . . . 1 . . Dispatch Records 2 | . 1 . . . . 1 . . . . . . . . . . . . Maintenance Status 1 | . . . . . . 1 . . . . . . . . . . . . Surveillance Status 1 | . . . . . . 1 . . . . . . . . . . . . Hauler Manifests 2 | . . 1 . . . 1 . . . . . . . . . . . . Registered Components 2 | . . . . . 1 1 . . . . . . . . . . . . Registered Prototypes 1 | . . . . . . . . . . . . . . . . 1 . . Zone Layout 1 | . . . . . . 1 . . . . . . . . . . . . Patrol Navigation 1 | . . . . . . 1 . . . . . . . . . . . . Fabricator Hacks 7 | . . . . . . . 1 . . . 6 . . . . . . . Network Status 2 | . . . . . . . 1 . . . 1 . . . . . . . Load Schematic 3 | . . . . . . . . . . . 3 . . . . . . . Build 2 | . . . . . . . . . . . 2 . . . . . . . Repair Station Hacks 6 | . . . . . . . . . . . 3 . . . . . . 3 Scan Component 3 | . . . . . . . . . . . 2 . . . . . . 1 Repair 2 | . . . . . . . . . . . 1 . . . . . . 1 Refit 1 | . . . . . . . . . . . . . . . . . . 1 Recycling Unit Hacks 6 | . . . . . . 3 3 . . . . . . . . . . . Report Inventory 3 | . . . . . . 2 1 . . . . . . . . . . . Retrieve Components 3 | . . . . . . 1 2 . . . . . . . . . . . Scanalyzer 1 | . . . . 1 . . . . . . . . . . . . . . Insert Component 1 | . . . . 1 . . . . . . . . . . . . . . Garrison Access Hacks 1 | . . . . . . . 1 . . . . . . . . . . . Seal Access 1 | . . . . . . . 1 . . . . . . . . . . . Unauthorized Hacks 25 | . 6 3 . 3 1 5 2 . . . 3 . . . . . . 2 Terminals 18 | . 5 3 . 2 1 2 1 . . . 3 . . . . . . 1 Botnet 12 | . 4 2 . 1 1 1 . . . . 2 . . . . . . 1 Operators 6 | . 1 1 . 1 . 1 1 . . . 1 . . . . . . . Fabricators 1 | . . . . . . . . . . . . . . . . . . 1 Haulers 1 | . . . . . . . . . . . . . . . . . . 1 Repair Stations . | . . . . . . . . . . . . . . . . . . . Recycling Units 6 | . 1 . . 1 . 3 1 . . . . . . . . . . . Reject 1 | . . . . . . 1 . . . . . . . . . . . . Recyclers 4 | . 1 . . 1 . 1 1 . . . . . . . . . . . Mask 1 | . . . . . . 1 . . . . . . . . . . . . Scanalyzers . | . . . . . . . . . . . . . . . . . . . Garrison Access . | . . . . . . . . . . . . . . . . . . . Data Cores Recovered . | . . . . . . . . . . . . . . . . . . . Used . | . . . . . . . . . . . . . . . . . . . Hacking Detections 48 | . 4 4 . 2 2 7 11 . . . 12 . . . . 4 . 2 Full Trace Events 4 | . . . . . 1 . 1 . . . 2 . . . . . . . Feedback Events . | . . . . . . . . . . . . . . . . . . . Feedback Blocked . | . . . . . . . . . . . . . . . . . . . Robot Schematics Acquired 4 | . . . . . . . . . 4 . . . . . . . . . Robots Built . | . . . . . . . . . . . . . . . . . . . Authchips . | . . . . . . . . . . . . . . . . . . . Time . | . . . . . . . . . . . . . . . . . . . Total Robot Build Rating . | . . . . . . . . . . . . . . . . . . . Part Schematics Acquired 12 | . . . . . . . . . 12 . . . . . . . . . Parts Built 2 | . . . . . . . . . . . 2 . . . . . . . Authchips . | . . . . . . . . . . . . . . . . . . . Time 175 | . . . . . . . . . . . 175 . . . . . . . Total Part Build Rating 14 | . . . . . . . . . . . 14 . . . . . . . Parts Repaired 1 | . . . . . . . . . . . . . . . . . . 1 Time 112 | . . . . . . . . . . . 50 . . . . . . 62 Parts Recycled . | . . . . . . . . . . . . . . . . . . . Recycled Matter . | . . . . . . . . . . . . . . . . . . . Retrieved Matter . | . . . . . . . . . . . . . . . . . . . Retrieved Components 6 | . . . . . . 2 4 . . . . . . . . . . . Parts Scanalyzed . | . . . . . . . . . . . . . . . . . . . Part Schematics Acquired . | . . . . . . . . . . . . . . . . . . . Parts Damaged . | . . . . . . . . . . . . . . . . . . . Bothacking | -11 -10 -9 -9 -8 -8 -8 -6 -6 -6 -5 -5 -5 -5 -5 -4 -4 -4 -4 ------------ Run | Jun Mat Mat Min Mat Sto Rec Fac Low Dat Pro Fac Upp Upp War Pro Fac Was Fac Used RIF Installer . | . . . . . . . . . . . . . . . . . . . Robots Hacked . | . . . . . . . . . . . . . . . . . . . Non-combat . | . . . . . . . . . . . . . . . . . . . Combat . | . . . . . . . . . . . . . . . . . . . Robot Hacks Applied . | . . . . . . . . . . . . . . . . . . . Relay Couplers Released . | . . . . . . . . . . . . . . . . . . . Fabnet Peak Effective % . | . . . . . . . . . . . . . . . . . . . Robots Rewired 10 | . . . . . . 5 . . . . . . . 5 . . . . Allies Hacked . | . . . . . . . . . . . . . . . . . . . Hacks Repelled . | . . . . . . . . . . . . . . . . . . . Allies | -11 -10 -9 -9 -8 -8 -8 -6 -6 -6 -5 -5 -5 -5 -5 -4 -4 -4 -4 -------- Run | Jun Mat Mat Min Mat Sto Rec Fac Low Dat Pro Fac Upp Upp War Pro Fac Was Fac Total Allies 11 | . . . . . . 5 . . . 1 . . . 5 . . . . Largest Group 5 | . . . . . . 5 4 . . 1 . . . 5 1 . . . Highest-Rated Group 274 | . . . . . . 90 63 . . 96 . . . 274 65 . . . Highest-Rated Ally 96 | . . . . . . 27 21 . . 96 . . . 68 65 . . . Total Orders 1 | . . . . . . . 1 . . . . . . . . . . . STAY 1 | . . . . . . . 1 . . . . . . . . . . . Ally Attacks 33 | . . . . . . 3 10 . . 15 . . . 5 . . . . Total Damage 1034 | . . . . . . 66 104 . . 500 . . . 364 . . . . Kills 7 | . . . . . . 3 1 . . 3 . . . . . . . . Allies Corrupted 1 | . . . . . . 1 . . . . . . . . . . . . Allies Melted 1 | . . . . . . . . . . . . . . 1 . . . . Intel | -11 -10 -9 -9 -8 -8 -8 -6 -6 -6 -5 -5 -5 -5 -5 -4 -4 -4 -4 ------- Run | Jun Mat Mat Min Mat Sto Rec Fac Low Dat Pro Fac Upp Upp War Pro Fac Was Fac Robot Analysis Total . | . . . . . . . . . . . . . . . . . . . Derelict Logs Recovered 9 | . . . 1 . . . . 1 . 2 . 1 3 . 1 . . . Drone Launches . | . . . . . . . . . . . . . . . . . . . Drone Recoveries . | . . . . . . . . . . . . . . . . . . . Decoded 0b10 Intel 28 | . . . . . . . . . . . 28 . . . . . . . Traps 1 | . . . . . . . . . . . 1 . . . . . . . Items 20 | . . . . . . . . . . . 20 . . . . . . . Machines 2 | . . . . . . . . . . . 2 . . . . . . . Patrols 2 | . . . . . . . . . . . 2 . . . . . . . Guards 3 | . . . . . . . . . . . 3 . . . . . . . Exploration | -11 -10 -9 -9 -8 -8 -8 -6 -6 -6 -5 -5 -5 -5 -5 -4 -4 -4 -4 ------------- Run | Jun Mat Mat Min Mat Sto Rec Fac Low Dat Pro Fac Upp Upp War Pro Fac Was Fac Turns Passed 12333 | 203 750 938 1575 1904 610 1525 1074 201 24 161 1017 148 414 591 149 227 139 683 Spaces Moved 15186 | 118 406 495 954 780 236 1126 2733 716 94 581 2229 451 868 1303 358 516 186 1036 Core 74 | 33 . . . . . 10 . . . . . . 2 29 . . . . Treads 628 | 85 406 99 . . . 38 . . . . . . . . . . . . Legs . | . . . . . . . . . . . . . . . . . . . Wheels 2786 | . . 396 954 760 236 440 . . . . . . . . . . . . Hover 20 | . . . . 20 . . . . . . . . . . . . . . Flight 11678 | . . . . . . 638 2733 716 94 581 2229 451 866 1274 358 516 186 1036 Fastest Speed 23 | 50 160 105 105 105 190 29 23 25 25 25 25 27 27 24 24 24 27 25 Average Speed 57 | 129 160 138 106 172 193 110 25 25 25 25 26 27 33 30 27 27 27 43 Slowest Speed 570 | 160 160 240 120 245 210 570 46 27 25 25 101 30 100 100 30 94 27 99 Overloaded Moves . | . . . . . . . . . . . . . . . . . . . Propulsion Burnouts . | . . . . . . . . . . . . . . . . . . . Robots Hopped 31 | . . . . . . 5 5 . . . 7 . . 8 . 3 . 3 Cave-ins Triggered . | . . . . . . . . . . . . . . . . . . . Exploration Rate (%) 61 | 5 75 26 99 58 48 96 61 78 78 71 52 62 74 92 64 16 81 26 Regions Visited 18 Branch Regions 10 Pre-discovered Areas 4 | . . . . . . . . . 1 . . . 2 . 1 . . . Known Exits Taken 10 | . . . . 1 . . 1 1 1 1 1 1 1 1 1 . . . Unknown Exits Taken 6 | 1 1 1 1 . 1 1 . . . . . . . . . . . . Scrap Searched 17 | . . . 1 . . . . 2 . 5 . 2 4 . 3 . . . Spaces Dug 88 | . . . . 6 2 9 27 6 . . 20 . . 1 . 1 . 16 Terrain Destroyed 183 | . 36 . 16 39 6 10 27 6 . . 20 . . 3 . 1 3 16 Melee 61 | . . . . . 2 9 27 . . . 19 . . 1 . 1 . 2 Projectile 76 | . . . 6 39 4 1 . 6 . . 1 . . 2 . . 3 14 AOE 46 | . 36 . 10 . . . . . . . . . . . . . . . Terrain Rammed . | . . . . . . . . . . . . . . . . . . . Walls Destroyed . | . . . . . . . . . . . . . . . . . . . Machines Disabled . | . . . . . . . . . . . . . . . . . . . Actions | -11 -10 -9 -9 -8 -8 -8 -6 -6 -6 -5 -5 -5 -5 -5 -4 -4 -4 -4 --------- Run | Jun Mat Mat Min Mat Sto Rec Fac Low Dat Pro Fac Upp Upp War Pro Fac Was Fac Total 18098 | 150 456 656 1478 1170 337 1372 3033 730 93 596 2590 476 994 1484 407 597 251 1228 Wait 2148 | 6 12 69 499 224 59 172 207 4 . 12 320 26 125 106 50 69 43 145 Move 15110 | 117 405 494 953 779 235 1115 2722 715 93 580 2214 450 867 1289 357 510 185 1030 Hop 28 | . . . . . . 5 5 . . . 7 . . 5 . 3 . 3 Pick Up 114 | 8 9 18 2 30 3 9 12 1 . 2 8 . . 3 . 5 . 4 Fast Attach 27 | 3 . 1 2 4 2 1 2 . . . . . . 10 . . 1 1 Attach 51 | 4 . 7 1 13 1 6 6 . . . 2 . . 2 . 3 . 6 Detach 1 | . . . . . . . . . . . . . . . . . . 1 Swap 42 | . 1 4 2 5 4 7 8 1 . . 9 . . 1 . . . . Drop 102 | 2 1 11 4 10 6 17 12 3 . 2 7 . 2 14 . 4 . 7 Fire 304 | 10 28 52 15 105 24 9 5 6 . . 1 . . 6 . 1 22 20 Melee 81 | . . . . . 3 10 32 . . . 22 . . 1 . 2 . 11 Ram . | . . . . . . . . . . . . . . . . . . . Kick . | . . . . . . . . . . . . . . . . . . . Crush . | . . . . . . . . . . . . . . . . . . . Escape Stasis 22 | . . . . . . . 22 . . . . . . . . . . . Rewire 68 | . . . . . . 21 . . . . . . . 47 . . . . Trap . | . . . . . . . . . . . . . . . . . . . Miscellaneous . | . . . . . . . . . . . . . . . . . . . Route ------- -11/Junkyard -10/Materials (discovered 3 exits: *Mat / [*Min x2]) -9/Materials -9/Mines (discovered 2 exits: *Mat x2) -8/Materials (discovered 4 exits: *Fac x3 / *Sto) -8/Storage -8/Recycling -6/Factory (discovered 3 exits: *Fac x2 / *Low) -6/Lower Caves (discovered 2 exits: *Low / *Dat) -6/Data Miner -5/Proximity Caves -5/Factory (discovered 3 exits: *Fac x2 / *Upp) -5/Upper Caves -5/Upper Caves -5/Warlord -4/Proximity Caves -4/Factory (discovered 4 exits: Res x4) -4/Waste -4/Factory (discovered 7 exits: *Res x2 / *Upp x2 / *Ext x2 / Arm) History --------- Turn | Location | Event 4 | -11/Junkyard | Discovered new exit (range 16) 204 | -11/Junkyard | Entered Materials 319 | -10/Materials | Build established: Mutant 338 | -10/Materials | Discovered new exit (range 8) 862 | -10/Materials | Discovered new exit (range 7) 869 | -10/Materials | Core integrity fell below 50% 938 | -10/Materials | Discovered new exit (range 9) 954 | -10/Materials | Entered another Materials area 954 | -9/Materials | Evolved 2 slots: Utility x2 1886 | -9/Materials | Discovered new exit (range 6) 1892 | -9/Materials | Entered Mines 1908 | -9/Mines | Discovered new exit (range 12) 1970 | -9/Mines | Met a Derelict shopkeep closing up shop 2081 | -9/Mines | Learned location of 2 exits from Materials 2362 | -9/Mines | Discovered new exit (range 8) 3467 | -9/Mines | Entered Materials 3467 | -8/Materials | Evolved 2 slots: Propulsion x1, Utility x1 3468 | -8/Materials | Identified exit to Factory 3468 | -8/Materials | Identified exit to Storage 3920 | -8/Materials | Lost 8 parts (1p1n4u2w) 4732 | -8/Materials | Discovered exit to Factory (range 16) 5267 | -8/Materials | Discovered exit to Factory (range 14) 5358 | -8/Materials | Build established: Scavenger-Mutant 5371 | -8/Materials | Entered Storage 5977 | -8/Storage | Discovered new exit (range 3) 5981 | -8/Storage | Entered Recycling 5999 | -8/Recycling | Found Scrap Engine 6617 | -8/Recycling | Discovered new exit (range 16) 7506 | -8/Recycling | Entered Factory 7506 | -6/Factory | Accompanied by 4 allies 7506 | -6/Factory | Evolved 4 slots: Propulsion x2, Utility x2 7570 | -6/Factory | Discovered new exit (range 15) 7703 | -6/Factory | Spotted B-75 Beast 7919 | -6/Factory | Discovered new exit (range 22) 7993 | -6/Factory | Discovered new exit (range 21) 8230 | -6/Factory | Build established: Ninja 8550 | -6/Factory | Identified exit to Lower Caves 8580 | -6/Factory | Entered Lower Caves 8602 | -6/Lower Caves | Spotted B-75 Beast 8681 | -6/Lower Caves | Attracted the attention of an 0b10 checkpoint 8738 | -6/Lower Caves | Encountered a Warlord checkpoint 8747 | -6/Lower Caves | Discovered new exit (range 18) 8751 | -6/Lower Caves | A Derelict revealed a hidden shortcut to meet someone special 8752 | -6/Lower Caves | Identified exit to Lower Caves 8754 | -6/Lower Caves | Learned Factory terminal intel 8759 | -6/Lower Caves | Identified exit to Data Miner 8781 | -6/Lower Caves | Entered Data Miner 8781 | -6/Data Miner | Discovered new exit (range 6) 8785 | -6/Data Miner | Met Data Miner 8796 | -6/Data Miner | Learned location of Section 7 (-2) 8796 | -6/Data Miner | Acquired the access code to Warlord's prototype stash 8798 | -6/Data Miner | Received God Mode back door access code from Data Miner 8804 | -6/Data Miner | Identified exit to Proximity Caves 8805 | -6/Data Miner | Entered Proximity Caves 8824 | -5/Proximity Caves | Spotted B-75 Beast 8940 | -5/Proximity Caves | Discovered new exit (range 10) 8943 | -5/Proximity Caves | Identified exit to Factory 8944 | -5/Proximity Caves | Learned Factory emergency access door positions 8946 | -5/Proximity Caves | Learned 4 Factory zone layouts 8966 | -5/Proximity Caves | Entered Factory 8966 | -5/Factory | Evolved 2 slots: Utility x2 8967 | -5/Factory | Identified exit to Factory 8969 | -5/Factory | Loaded intel: 26 terminal locations 8999 | -5/Factory | Discovered new exit (range 12) 9002 | -5/Factory | Identified exit to Upper Caves 9375 | -5/Factory | Fabricated Imp. Cloaking Device (x1) 9524 | -5/Factory | Discovered exit to Factory (range 21) 9601 | -5/Factory | Fabricated Imp. Cloaking Device? 9983 | -5/Factory | Entered Upper Caves 9989 | -5/Upper Caves | Learned 4 Factory zone layouts 9996 | -5/Upper Caves | Learned Factory trap positions 9996 | -5/Upper Caves | Learned Armory garrison access intel 10083 | -5/Upper Caves | Build established: Scout 10098 | -5/Upper Caves | Discovered new exit (range 12) 10101 | -5/Upper Caves | Identified exit to Upper Caves 10131 | -5/Upper Caves | Entered another Upper Caves area 10137 | -5/Upper Caves | Learned Factory trap positions 10178 | -5/Upper Caves | Learned location of Warlord (-5) 10215 | -5/Upper Caves | Learned Factory terminal intel 10404 | -5/Upper Caves | Discovered new exit (range 19) 10418 | -5/Upper Caves | Learned location of Extension (-4) 10418 | -5/Upper Caves | Learned Armory emergency access door positions 10418 | -5/Upper Caves | Learned Armory security intel 10545 | -5/Upper Caves | Identified exit to Warlord 10545 | -5/Upper Caves | Entered Warlord 10562 | -5/Warlord | Discovered new exit (range 8) 10682 | -5/Warlord | Opened side exit 10722 | -5/Warlord | Warlord's base attacked by MAIN.C 10862 | -5/Warlord | Found Prototype Energy Cannon 10862 | -5/Warlord | Identified Vortex Driver 10918 | -5/Warlord | Met Warlord 10922 | -5/Warlord | Opened Warlord's prototype stash 10927 | -5/Warlord | Found Prototype Device 10927 | -5/Warlord | Identified Exp. Cloaking Device 10936 | -5/Warlord | Found Prototype Processor 10937 | -5/Warlord | Identified Spectral Analyzer 10941 | -5/Warlord | Found Prototype Hackware 10941 | -5/Warlord | Identified System Mapper 10957 | -5/Warlord | Found Prototype Reactor 11024 | -5/Warlord | Warlord forces counterattacked 11065 | -5/Warlord | Spotted Executioner 11075 | -5/Warlord | Identified exit to Proximity Caves 11136 | -5/Warlord | Entered Proximity Caves 11136 | -4/Proximity Caves | Accompanied by 1 ally 11177 | -4/Proximity Caves | Learned location of Armory (-4) 11214 | -4/Proximity Caves | Spotted B-86 Titan 11228 | -4/Proximity Caves | Discovered exit to Factory (range 17) 11285 | -4/Proximity Caves | Entered Factory 11285 | -4/Factory | Evolved 2 slots: Power x1, Utility x1 11286 | -4/Factory | Identified Vortex Chain Reactor 11287 | -4/Factory | Loaded intel: 126 trap records 11288 | -4/Factory | Loaded intel: 27 terminal locations 11365 | -4/Factory | Build established: Hacker-Ninja 11427 | -4/Factory | Identified exit to Research 11504 | -4/Factory | Spotted B-86 Titan 11512 | -4/Factory | Sucked down chute 11512 | -4/Factory | Entered Waste 11535 | -4/Waste | Spotted C-40 Crusher 11552 | -4/Waste | Spotted C-40 Crusher 11593 | -4/Waste | Crushed by Compactor (1 part destroyed, 1 dropped) 11608 | -4/Waste | Spotted C-40 Crusher 11616 | -4/Waste | Spotted C-40 Crusher 11616 | -4/Waste | Spotted C-40 Crusher 11617 | -4/Waste | Spotted C-40 Crusher 11641 | -4/Waste | Discovered new exit (range 14) 11651 | -4/Waste | Identified exit to Factory 11651 | -4/Waste | Entered Factory 11652 | -4/Factory | Loaded intel: 81 trap records 11730 | -4/Factory | Identified exit to Upper Caves 11730 | -4/Factory | Identified exit to Extension 11730 | -4/Factory | Identified exit to Armory 11801 | -4/Factory | Discovered exit to Research (range 23) 11915 | -4/Factory | Discovered exit to Research (range 16) 12194 | -4/Factory | Repaired Field Propulsion Array 12334 | -4/Factory | Self-destructed Last Messages --------------- Scanning configuration... Attaching: Backup Laser I x1 >>Scan(Field Propulsion Array) Scanning Field Propulsion Array... Ready to Repair: Field Propulsion Array Rating: 7 Time: 62 >>Repair Repairing Field Propulsion Array... ETC: 62 12148_ System corrupted: Matter fused (-8). 12194_ Repair station completes Field Propulsion Array repairs. 12194_ Acquired Field Propulsion Array. 12196_ Dropped Backup Laser I. 12204_ R-10 Processor collects Backup Laser I. 12253_ N CAJRHBE,%UIZES7RQHA4DYE 12274_ U-05 Engineer builds a Wall. 12295_ System corrupted: Substantial component data lost. Map ----- +----------------------------------------------------+ | | | | | | | | | | | | | ?????????????????????????????????????????????????? | | ?????????????????????????????????????????????????? | | ?????????????????????????????????????????????????? | | ?????????????????????????????????????????????????? | | ?????????????????????????????????????????????????? | | ##################???????????????????????????????? | | + #???????????????????????????????? | | ###### """ #???????????????????????????????? | | #????# """ #???????????????? #?????????????? | | #????# """ #????????#+###### #?????????????? | | #????# "" #???????? ^ #?????????????? | | ! #????# """ F" #?????### #?????????????? | | ! #????# """ " +????? ^ ^ T #?????????????^ | | +????# """ "" #?????# """ #?????????????? | | #????# #?????# ^""" #?????????????? | | ##????#####+########## """ #?????????????? | | #??????# ###### !#??? | | ####???# ! #??? | | # ??# > ? | | # ! ??# @! #??? | | # ?# #######???????????? | | # !! ?# #?????????????????? | | # !! # ######### T######?????????????????? | | # ! # #???????####??????????????????????? | | # + #?????????????????????????????????? | | # # #?????????????????????????????????? | | # #^^^ #?????????????????????????????????? | | # """ ?#^^ ^ #?????????????????????????????????? | | # """ ?# ?k????????????u?????????????????? | | # """??# ###???????????????????????????????? | | + ??# #??????????gg?????????????????????? | | ####???# #???????????g?????????????????????? | | #??????# #?????????g???????????????????????? | | #??????# #?????????????????????????????????? | | #??????# #?????????????????????????????????? | | #??????# #?????????????????????????????????? | | #??????# #?????????????????????????????????? | | #??????# #?????????????????????????????????? | | #??????# #?????????????????????^???????????? | | #??????# #?????????????????????????????????? | | #??????# #?????????????????????????????????? | | #??????# #???????????????^?????????????????? | | ??????# #????????????????????^????????????? | | #?????# #?????????????????????????????????? | +----------------------------------------------------+ Best States ------------- Heat Dissipation 59 Energy Generation 59 Energy Capacity 873 Matter Stores 300 Matter Capacity 300 Sight Range 24 Robot Scan Range 16 Terrain Scan Range 20 Terrain Scan Density 210 ECM Strength 1 Cloak Strength 4 Additional Mass Support 9 Armor Coverage 450 Evasion (%) 65 Targeting Accuracy 6 Recoil Reduction 2 Kinecelleration 30 Offensive Hacking 34 Item Schematics ----------------- Combat Drone Bay | -6/Data Miner | Free Lgt. Regenerative Plating | -6/Data Miner | Free Cld. Gravmag System | -6/Data Miner | Free Imp. Thermal Defense Suite | -6/Data Miner | Free Imp. KE Penetrator | -6/Data Miner | Free Imp. Antigrav System | -6/Data Miner | Free Imp. Cloaking Device | -6/Data Miner | Free Adv. Field Recycling Unit | -6/Data Miner | Free Hyp. Mass Driver | -6/Data Miner | Free Imp. Armor Integrity Analyzer | -6/Data Miner | Free Adv. Medium Treads | -6/Data Miner | Free Quantum Rifle | -6/Data Miner | Free Robot Schematics ------------------ B-60 Warrior | -6/Data Miner | Free H-66 Slayer | -6/Data Miner | Free Y-64 Sentinel | -6/Data Miner | Free A-15 Conveyor | -6/Data Miner | Free Fabricated ------------ Imp. Cloaking Device | x1 | -5/Factory Imp. Cloaking Device | x1 | -5/Factory Alien Tech Used ----------------- None Achievements -------------- Explorer Reappropriation Challenges ------------ None Game ------ Seed InsulatedSeismicBlade Manual? 0 Play Time 03:40:32 Cumulative 135.6 hours Start 2023.05.10 @ 23:38:58 End 2023.05.13 @ 01:34:21 Sessions 5 Manual Loads 0 Difficulty Rogue Special Mode None Game No. 34 Rogue 34 Adventurer 0 Explorer 0 Win Type - Total 5 Types 5/0/0/0/0/0/0/0/0 Lore% 41 Gallery% 53 Achievement% 47 Wizard Run 0 Options --------- ASCII 0 Keyboard 0 Movement Mouse Keybinds 0 Fullscreen 2 Font 16/SmallcapsGlow Map View 75x55 Tactical HUD 1 Map Filters NONE Filters NONE Steam 1 RUN: bd808262-59da-4ae1-a693-f507eaaf14e2